 Dungeon Crawl Stone Soup version 0.14-a0-1974-gdb6e453 (webtiles) character file.

442 4tharraofdagon the Sneak (level 6, 1/28 HPs)
             Began as a Spriggan Enchanter on Jan 18, 2014.
             Quit the game on Level 6 of the Dungeon.
             The game lasted 00:05:48 (799 turns).

4tharraofdagon the Sneak (Spriggan Enchanter)        Turns: 799, Time: 00:05:48

HP   1/28        AC  3     Str  6      XL: 6   Next: 38%
MP  20/20        EV 20     Int 17      God:
Gold 82          SH  0     Dex 16      Spells:  3 memorised,  7 levels left

rFire  . . .     SeeInvis +     a - +1 dagger
rCold  . . .     Clarity  .     b - +1 robe
rNeg   . . .     Conserve .     (shield restricted)
rPois  .         rCorr    .     (helmet restricted)
rElec  .         rRot     .     (no cloak)
SustAb . .       Spirit   .     (gloves unavailable)
rMut   .         Warding  .     (boots unavailable)
Saprov . . .     Stasis   .     (no amulet)
MR     +....                    (no ring)
                                v - ring of wizardry

@: very quick, somewhat resistant to hostile enchantments, quite stealthy
A: unfitting armour, see invisible, herbivore 3, speed 3, slow metabolism 2
a: no special abilities


You were on level 6 of the Dungeon.
You were not hungry.

You visited 1 branch of the dungeon, and saw 7 of its levels.

You collected 82 gold pieces.

Inventory:

Hand weapons
 a - a +1,+1 dagger (weapon)
Missiles
 d - 12 darts (quivered)
Armour
 b - a +1 robe (worn)
Magical devices
 s - a wand of random effects (13) {unknown}
Comestibles
 k - 2 bread rations
Scrolls
 f - 2 scrolls of remove curse {unknown}
 g - 8 scrolls of teleportation {unknown}
 i - a scroll of amnesia {unknown}
 l - a scroll of recharging {unknown}
 m - a scroll of fear {unknown}
 n - a scroll of magic mapping {unknown}
 o - 3 scrolls of curse jewellery {unknown}
 q - a scroll of blinking {unknown}
 r - a scroll of curse armour {unknown}
 t - 2 scrolls of enchant weapon I {unknown}
Jewellery
 v - a ring of wizardry (left hand)
Potions
 e - a potion of porridge
 h - a potion of brilliance {unknown}
 j - a potion of cure mutation
 p - a potion of speed {unknown}
Books
 c - a book of Maledictions

   Spells                             Type                      Level
   *Corona                            Hexes                        1
   Sure Blade                         Hexes/Charms                 2
   *Ensorcelled Hibernation           Hexes/Ice                    2
   *Confuse                           Hexes                        3
   Enslavement                        Hexes                        4
   Invisibility                       Hexes                        6
 u - a book of Debilitation

   Spells                             Type                      Level
   *Corona                            Hexes                        1
   Slow                               Hexes                        2
   Inner Flame                        Hexes/Fire                   3
   Enslavement                        Hexes                        4
   Cause Fear                         Hexes                        4
   Leda's Liquefaction                Hexes/Earth                  4


   Skills:
 * Level 4.3 Short Blades
 - Level 1.1 Throwing
 + Level 4.7 Dodging
 + Level 5.1 Stealth
 + Level 4.0 Spellcasting
 + Level 4.8 Hexes


You had 7 spell levels left.
You knew the following spells:

 Your Spells              Type           Power        Failure   Level  Hunger
a - Corona                Hex            ###....      1%          1    None
b - Ensorcelled Hibernat  Hex/Ice        ##....       4%          2    ##.....
c - Confuse               Hex            ###.....     3%          3    ###....


Dungeon Overview and Level Annotations

Branches:
Dungeon (7/16)
 Temple: D:4-7

Altars:
Elyvilon
Xom
the Shining One

Annotations:
D:4 Prince Ribbit, Sigmund
D:6 Menkaure


Innate Abilities, Weirdness & Mutations

You are tiny and cannot use many weapons and most armour.
You have supernaturally acute eyesight.
You are a herbivore.
You cover ground extremely quickly.
You need consume almost no food.


Message History

Unknown command.
Unknown command.
Unknown command.
Unknown command.
Unknown command.
Unknown command.
Unknown command.
Unknown command.
Unknown command.
Unknown command.
Unknown command.
Unknown command.
Unknown command.
Unknown command.
Unknown command.
Unknown command.
Unknown command.
Drink which item? (? for menu, Esc to quit)
Okay, then.
Are you sure you want to abandon this character and quit the game? (Confirm with "yes".)

# # # # #
#################################
.............glo@o...............
............K.gzoo..g............
........................)........
)...............g................
(......K.................8.8.8...
.................................
....K....................8.......
.................................
.............................⌠...


You could see a gnoll sergeant, an orc priest, 3 gnolls, 3 orcs, a soldier ant
zombie, a giant gecko and a kobold.

Vanquished Creatures
  A spriggan (D:7)
  A giant frog (D:7)
  A worker ant (D:6)
  2 hounds
  A giant cockroach (D:5)
  A goblin (D:3)
  A hobgoblin (D:7)
  4 kobolds
  A giant newt (D:1)
  2 rats
15 creatures vanquished.

Notes
Turn   | Place    | Note
--------------------------------------------------------------
     0 | D:1      | 4tharraofdagon, the Spriggan Enchanter, began the quest for the Orb.
     0 | D:1      | Reached XP level 1. HP: 9/9 MP: 4/4
   194 | D:4      | Noticed Prince Ribbit
   194 | D:4      | Noticed an iguana
   208 | D:4      | Noticed Sigmund
   211 | D:5      | Entered Level 5 of the Dungeon
   237 | D:5      | Reached XP level 2. HP: 1/13 MP: 5/7
   243 | D:5      | Learned a level 2 spell: Ensorcelled Hibernation
   279 | D:6      | Noticed Menkaure
   294 | D:6      | Noticed a black bear
   315 | D:6      | Found a white marble altar of Elyvilon.
   335 | D:6      | Noticed an ogre
   392 | D:6      | Reached XP level 3. HP: 12/16 MP: 6/9
   418 | D:6      | Noticed a phantom
   488 | D:6      | Found a glowing golden altar of the Shining One.
   497 | D:6      | Reached skill level 4 in Hexes
   526 | D:6      | Noticed a gnoll sergeant
   535 | D:7      | Reached XP level 4. HP: 19/21 MP: 9/13
   537 | D:7      | Found a shimmering altar of Xom.
   559 | D:7      | Noticed a giant frog
   567 | D:7      | Killed a giant frog
   567 | D:7      | Reached XP level 5. HP: 24/24 MP: 11/16
   578 | D:7      | Learned a level 3 spell: Confuse
   651 | D:7      | Noticed an ogre
   678 | D:7      | Noticed a spriggan baker
   680 | D:7      | Killed a spriggan baker
   680 | D:7      | Reached skill level 5 in Stealth
   680 | D:7      | Reached XP level 6. HP: 28/28 MP: 17/20
   798 | D:6      | HP: 1/28 [gnoll sergeant/spear (6)]
   799 | D:6      | Quit the game

Action                   |  1- 3 |  4- 6 || total
-------------------------+-------+-------++-------
Melee: Dagger            |    37 |     5 ||    42
 Cast: Corona            |     7 |       ||     7
       Ensorcelled Hiber |     4 |     3 ||     7
  Use: Potion            |     2 |       ||     2
 Stab: Sleeping          |     8 |     3 ||    11
